 Dungeon Crawl Stone Soup version 0.31-a0-263-ge8cad7f256 (webtiles) character file.

Game seed: 11648185030022414014

117 LobsterGuardian the Grave Robber (level 4, 0/30 HPs)
             Began as a Demonspawn Necromancer on July 13, 2023.
             Slain by an ufetubus (4 damage)
             ... on level 4 of the Dungeon.
             The game lasted 00:09:12 (2218 turns).

LobsterGuardian the Grave Robber (DsNe)             Turns: 2218, Time: 00:09:12

Health: 0/30       AC:  4    Str:  9    XL:     4   Next: 71%
Magic:  3/9        EV: 12    Int: 18    God:
Gold:   171        SH:  0    Dex: 13    Spells: 2/10 levels left

rFire   . . .        f - +0 dagger
rCold   . . .        (no shield)
rNeg    + . .        h - +2 robe {Will+}
rPois   .            (helmet restricted)
rElec   .            (no cloak)
rCorr   .            (no gloves)
SInv    .            (no boots)
Will    +....        (no amulet)
Stlth   ++           i - ring of positive energy
HPRegen 0.25/turn    (no ring)
MPRegen 0.11/turn

%: no passive effects
@: animating dead
A: horns 1, ignite blood 1, spiny 1
a: no special abilities


You were on level 4 of the Dungeon.
You visited 1 branch of the dungeon, and saw 4 of its levels.

You collected 171 gold pieces.

Inventory:

Hand Weapons
 f - a +0 dagger (weapon)
Armour
 h - a +2 robe of willpower (worn)
Jewellery
 i - a ring of positive energy (left hand)
Potions
 a - a potion of degeneration {unknown}
 b - a potion of magic
 d - a potion of lignification {unknown}
 e - 2 potions of curing {unknown}
 g - a potion of cancellation {unknown}
 j - a potion of heal wounds {unknown}
 k - a potion of haste {unknown}
 l - a potion of might {unknown}


   Skills:
 + Level 2.0 Dodging
 + Level 2.0 Stealth
 * Level 3.6 Spellcasting
 + Level 5.3 Necromancy


You had 2 spell levels left.
You knew the following spells:

 Your Spells              Type           Power      Damage    Failure   Level
a - Necrotise             Necr           88%        1d8       1%          1
b - Vampiric Draining     Necr           22%        2d7       4%          3
c - Animate Dead          Necr           22%        N/A       17%         4

Your spell library contained the following spells:

 Spells                   Type           Power      Damage    Failure   Level
 Ensorcelled Hibernation  Hex/Ice        6%         N/A       24%         2
 Call Canine Familiar     Summ           3%         N/A       43%         3
 Frozen Ramparts          Ice            6%         1d1       43%         3
 Portal Projectile        Hex/Tloc       6%         N/A       43%         3
 Stone Arrow              Conj/Erth      6%         3d7       43%         3
 Agony                    Necr           22%        N/A       43%         5
 Anguish                  Hex/Necr       6%         N/A       45%         4
 Animate Armour           Summ/Erth      6%         N/A       83%         4
 Leda's Liquefaction      Hex/Erth       1%         N/A       83%         4
 Petrify                  Tmut/Erth      3%         N/A       83%         4
 Metabolic Englaciation   Hex/Ice        1%         N/A       99%         5
 Lehudib's Crystal Spear  Conj/Erth      1%         10d2      100%        8


Dungeon Overview and Level Annotations

Branches:
Dungeon (4/15)
 Temple: D:4-7

Altars:

Shops:
D:2 (


Innate Abilities, Weirdness & Mutations

You have a pair of small horns on your head.
Your demonic aura sometimes causes spilled blood to erupt in flames.
You are partially covered in sharp spines.


Message History

The jackal is struck by your spines.
You kill the jackal!
The dead are walking!
The ufetubus barely misses you. The ufetubus closely misses you.
The dart slug briefly extends its eye-stalks.
Press: ? - help, v - describe, . - travel
Here: an ufetubus (heavily wounded)
The floor.
Press: ? - help, v - describe, . - travel
Here: a sleepcap (lightly damaged, ally target)
The floor.
There are monsters nearby!
Casting: Necrotise (safe; 1% risk of failure)
Confirm with . or Enter, or press ? or * to list all spells.
Aiming: Necrotise (safe; 1% risk of failure)
Press: ? - help, Shift-Dir - straight line, f/p - sleepcap
Aim: a sleepcap (lightly damaged, ally target, chance to affect: 86%)
The sleepcap writhes in agony.
The sleepcap releases spores at you but does no damage.
A gnoll comes into view. It is wielding a +0 spear.
The ufetubus hits you. The ufetubus closely misses you.
Your jackal zombie bites the sleepcap.
Your jackal zombie bites the sleepcap but does no damage.
Unknown command.
You hit the sleepcap but do no damage.
The sleepcap is moderately damaged.
The ufetubus is struck by your spines. The ufetubus closely misses you.
The ufetubus hits you. The sleepcap is struck by your spines.
The sleepcap releases spores at you!
You are engulfed in a cloud of soporific spores!
You fall asleep.
Your jackal zombie bites the sleepcap but does no damage.
The gnoll is struck by your spines. The gnoll hits you with a +0 club!
You wake up.
* * * LOW HITPOINT WARNING * * *
Your jackal zombie bites the sleepcap but does no damage.
The ufetubus hits you.
* * * LOW HITPOINT WARNING * * *
The ufetubus hits you.
You die...

........#
#....... .
......# ..
#.....# ... ..
#.....#....
....#.........#
....Sw5.fZ....#
#@Z....#
##g.....#
..##..# g... .
..#.. .###...
.# ... .# .#


You could see a sleepcap (distracted, ally target), 2 gnolls, a dart slug, an
ufetubus, a ball python and 2 friendly jackal zombies.

Vanquished Creatures
  Jessica (D:2)
  2 adders
  2 worms (D:2)
  An orc (D:3)
  4 ball pythons (D:1)
  6 bats
  3 endoplasms
  5 giant cockroaches
  2 goblins
  3 hobgoblins
  6 jackals
  5 kobolds
  2 quokkas (D:1)
  10 frilled lizards
  6 rats (D:2)
58 creatures vanquished.

Vanquished Creatures (collateral kills)
  A dart slug (D:1)
  A hobgoblin (D:1)
  4 frilled lizards (D:2)
  A rat (D:1)
7 creatures vanquished.

Grand Total: 65 creatures vanquished

Notes
Turn   | Place    | Note
-------+----------+-------------------------------------------
     0 | D:1      | LobsterGuardian the Demonspawn Necromancer began the quest
                  | for the Orb.
     0 | D:1      | Reached XP level 1. HP: 13/13 MP: 3/3
     6 | D:1      | Upgraded the game from 0.31-a0-246-g8cbcc1cb85 to
                  | 0.31-a0-263-ge8cad7f256
   183 | D:1      | Gained mutation: You are partially covered in sharp spines.
                  | [demonic ancestry]
   183 | D:1      | Reached XP level 2. HP: 19/19 MP: 3/5
   423 | D:1      | Found a faded altar of an unknown god.
   637 | D:1      | Gained mutation: You have a pair of small horns on your
                  | head. [demonic ancestry]
   637 | D:1      | Reached XP level 3. HP: 24/24 MP: 3/6
   641 | D:1      | Learned a level 3 spell: Vampiric Draining
   699 | D:2      | Noticed Jessica
   712 | D:2      | Killed Jessica
   713 | D:2      | Reached skill level 5 in Necromancy
   762 | D:2      | Gained mutation: Your demonic aura sometimes causes spilled
                  | blood to erupt in flames. [demonic ancestry]
   762 | D:2      | Reached XP level 4. HP: 22/30 MP: 0/8
  1037 | D:2      | Found Femigha's Antique Weapon Shop.
  1200 | D:2      | Learned a level 4 spell: Animate Dead
  2152 | D:4      | Noticed a scorpion
  2218 | D:4      | Slain by an ufetubus

Illustrated notes

Levels and vault maps discovered:
D:1:      dpeg_arrival_short_road, layout_rooms,
          chequers_ecumenical_altar_twisty, nicolae_wormholes
D:2:      layout_rooms, serial_shops, nicolae_shop_rolling_square,
          nicolae_kite_square_tiling_tiny, st_stairs_8, minmay_lizard_pond,
          uniq_jessica
D:3:      layout_loops_ring, kennysheep_generic_room_13
D:4:      layout_cave_pools, nicolae_wooded_promenade

Skill      XL: |  1  2  3 |
---------------+----------+-----
Dodging        | 2 |  2.0
Stealth        | 2 |  2.0
Spellcasting   | 3 |  3.6
Necromancy     | 5 |  5.3

Action                     |  1- 3 |  4- 6 || total
---------------------------+-------+-------++-------
  Melee: Unarmed           |    15 |       ||    15
         Dagger            |     9 |    15 ||    24
         Headbutt          |     1 |       ||     1
   Cast: Necrotise         |    42 |    41 ||    83
         Vampiric Draining |     2 |       ||     2
         Animate Dead      |       |     2 ||     2
    Use: Scroll            |       |     2 ||     2
 Armour: Robe              |     3 |     9 ||    12
         Leather armour    |     4 |       ||     4
  Dodge: Dodged            |    13 |    32 ||    45

Table legend: (Time is in decaauts)
 A = Elapsed time spent in this place.
 B = Non-inter-level travel time spent in this place.
 C = Inter-level travel time spent in this place.
 D = Time resting spent in this place.
 E = Time spent auto-exploring this place.
 F = Levels seen in this place.
 G = Mean time per level.
                   A        B        C        D        E       F      G
               +--------+--------+--------+--------+--------+-----+--------+
         Total |   2227 |   2091 |    136 |      0 |   1715 |   4 |  556.8 |
       Dungeon |   2227 |   2091 |    136 |      0 |   1715 |   4 |  556.8 |
               +--------+--------+--------+--------+--------+-----+--------+

Top non-repeatable levels by time:
     D:2: 807 daAuts
     D:3: 710 daAuts
     D:1: 698 daAuts
     D:4: 10 daAuts
